 Dungeon Crawl Stone Soup version 0.29.0-13-gc9e81de378 (webtiles) character file.

Game seed: 18045837935279675765

2345 greasedhog the Basher (level 9, -2/81 HPs)
             Began as a Gargoyle Abyssal Knight on Sept 11, 2022.
             Was an Elder of Lugonu.
             Slain by an orc sorcerer
             ... wielding a +0 broad axe
              (6 damage)
             ... in a bailey.
             The game lasted 00:10:00 (6736 turns).

greasedhog the Basher (Gargoyle Abyssal Knight)     Turns: 6736, Time: 00:10:01

Health: -2/81      AC: 24    Str: 21    XL:     9   Next: 43%
Magic:  15/15      EV:  2    Int: 11    God:    Lugonu [****..]
Gold:   403        SH:  0    Dex: 10    Spells: 8/8 levels left

rFire   . . .      SeeInvis .   a - +1 mace
rCold   . . .      Faith    .   (no shield)
rNeg    + . .      Spirit   .   (body armour currently unavailable)
rPois   ∞          Reflect  .   (helmet currently unavailable)
rElec   .          Harm     .   (cloak currently unavailable)
rCorr   .          Rampage  .   (gloves currently unavailable)
Will    .....      NoTele   +   (boots currently unavailable)
Stlth   ..........              (no amulet)
HPRegen 0.23/turn               (no ring)
MPRegen 0.14/turn               (no ring)

@: mighty, tree-form, silenced, invisible
A: stationary, stasis, torment immunity, boosted hp, sickness immunity, AC +6,
negative energy resistance 1, (electricity resistance), torment resistance 1,
petrification resistance
a: Renounce Religion


You were in a bailey.
You worshipped Lugonu.
Lugonu was greatly pleased with you.
You were a tree.
You visited 2 branches of the dungeon, and saw 8 of its levels.
You visited the Abyss 1 time.
You also visited: Bailey.

You collected 403 gold pieces.

Inventory:

Hand Weapons
 a - a +1 mace (weapon)
Missiles
 c - 6 curare-tipped darts (quivered)
Armour
 h - a +1 ring mail of fire resistance (melded)
 m - a +0 cloak (melded)
Wands
 f - a wand of paralysis (6)
 o - a wand of roots (5)
Scrolls
 b - a scroll of enchant armour
 d - 3 scrolls of enchant weapon
 e - a scroll of teleportation
 g - 3 scrolls of silence
 i - a scroll of magic mapping {unknown}
 n - a scroll of immolation {unknown}
 r - a scroll of blinking {unknown}
Potions
 l - a potion of attraction {unknown}
 q - 2 potions of lignification


   Skills:
 - Level 5.1 Fighting
 * Level 11.5 Maces & Flails
 - Level 5.0 Armour
 * Level 1.9 Dodging
 + Level 9.0 Invocations


You had 8 spell levels left.
You didn't know any spells.
Your spell library contained the following spells:

 Spells                   Type           Power      Damage    Failure   Level
 Inner Flame              Hex/Fire       0%         N/A       71%         3
 Cause Fear               Hex            0%         N/A       98%         4
 Discord                  Hex            0%         N/A       100%        8


Dungeon Overview and Level Annotations

Branches:
Dungeon (7/15)             Temple (1/1) D:6          Bailey (1/1)

Altars:
Hepliaklqana
Xom
Yredelemnul

Annotations:
Abyss:1 Grinder


Innate Abilities, Weirdness & Mutations

You are a tree.
Your roots penetrate the ground, keeping you stationary.
You cannot be teleported.
You are immune to unholy pain and torment.
Your maximum health is greatly increased.
Your equipment is partially melded.
You are immune to sickness and miasma.
((Your stone body is resilient. (AC +6)))
You are immune to poison.
You resist negative energy. (rN+)
((You are resistant to electric shocks. (rElec)))
You are resistant to unholy torment.
You are immune to petrification.


Message History

The orc warrior hits you with a +0 broad axe!
* * * LOW HITPOINT WARNING * * *
The kobold demonologist casts a spell.
It was a potion of invisibility.
You fade into invisibility!
The orc warrior hits you but does no damage.
The kobold demonologist casts a spell.
The crimson imp hits you but does no damage.
It was a potion of might.
You feel very mighty all of a sudden.
The orc warrior hits you with a +0 broad axe.
* * * LOW HITPOINT WARNING * * *
You hit the orc sorcerer.
The orc sorcerer is lightly wounded.
The orc warrior completely misses you.
You sock the orc sorcerer!
The orc sorcerer is heavily wounded.
The orc sorcerer hits you but does no damage.
The orc warrior hits you with a +0 broad axe!
* * * LOW HITPOINT WARNING * * *
You feel better.
The crimson imp hits you but does no damage.
The orc warrior hits you but does no damage.
The orc sorcerer hits you with a +0 broad axe.
* * * LOW HITPOINT WARNING * * *
The kobold demonologist looks satisfied for a moment.
You thump the orc sorcerer!
The orc sorcerer is severely wounded.
The crimson imp hits you but does no damage.
The orc sorcerer hits you with a +0 broad axe!
* * * LOW HITPOINT WARNING * * *
The orc warrior hits you but does no damage.
You hit the orc sorcerer.
The orc sorcerer is almost dead.
The crimson imp hits you but does no damage.
You closely miss the orc sorcerer.
The orc sorcerer is almost dead.
The orc warrior hits you but does no damage.
The orc sorcerer hits you with a +0 broad axe.
You die...

#....)).#.....)....#≈≈≈≈≈# #
#.8.8.8.'.....#....#≈≈≈≈≈#
######...##############.#≈≈≈≈≈#
~.#......# +??#.~≈≈≈≈≈#
~.#......#. #!:#.~≈≈≈≈≈#
~.#')#####.. #..#.~≈≈≈≈≈#
~.#.....##... #########.~≈≈≈≈≈#
..')....##...K#5.8.8..#.~≈≈≈≈≈#
..').⌠..##..54)o♣......∩~≈≈≈≈≈#
..'.....##..44#o.8.8..#.~≈≈≈≈≈#
~.#.)...##... #########.~≈≈≈≈≈#
~.#')#####.. #..#.~≈≈≈≈≈#
~.#......#. #))#.~≈≈≈≈≈#
~.#......# +))#.~≈≈≈≈≈#
######...##############.#≈≈≈≈≈#
#....#.8.8.8.).....#....#≈≈≈≈≈#
#....#.......#.....+....#≈≈≈≈≈#


You could see a kobold demonologist (unable to see you), 2 chaos spawn, an orc
sorcerer, a red devil (summoned, unable to see you), an orc warrior (unable to
see you), a crimson imp (summoned, unsilenced, unable to see you) and a shadow
imp (summoned, unable to see you).

Vanquished Creatures
  Duvessa (D:4)
  5 orc warriors (Bailey)
  A sky beast (D:6)
  A black bear (D:5)
  An ogre (D:6)
  A centaur (D:6)
  4 scorpions
  Dowan (D:4)
  2 electric eels (Bailey)
  3 jellies
  3 hounds
  Crazy Yiuf (D:4)
  An orc wizard (D:3)
  5 iguanas
  5 gnolls
  7 adders
  15 orcs
  4 endoplasms
  5 giant cockroaches
  13 hobgoblins
  10 jackals (D:1)
  6 kobolds
  4 quokkas
  6 ball pythons
  3 bats
  4 frilled lizards
  13 goblins
  6 rats (D:1)
131 creatures vanquished.

Vanquished Creatures (others)
  An orc (Bailey)
  A hobgoblin (Bailey)
2 creatures vanquished.

Grand Total: 133 creatures vanquished

Notes
Turn   | Place    | Note
-------+----------+-------------------------------------------
     0 | Abyss:1  | greasedhog the Gargoyle Abyssal Knight began the quest for
                  | the Orb.
     0 | Abyss:1  | Reached XP level 1. HP: 14/14 MP: 2/2
     1 | D:1      | Escaped the Abyss
   104 | D:1      | Reached XP level 2. HP: 16/19 MP: 3/3
   466 | D:1      | Reached *** piety under Lugonu
   467 | D:1      | Reached XP level 3. HP: 24/24 MP: 4/4
  1195 | D:2      | Reached skill level 3 in Maces & Flails
  1199 | D:2      | Reached XP level 4. HP: 29/29 MP: 5/5
  1396 | D:2      | Found a faded altar of an unknown god.
  1802 | D:2      | Found a shimmering altar of Xom.
  1960 | D:3      | Reached XP level 5. HP: 34/34 MP: 7/7
  2589 | D:4      | Found a basalt altar of Yredelemnul.
  2637 | D:4      | Reached **** piety under Lugonu
  2638 | D:4      | Reached skill level 5 in Fighting
  2638 | D:4      | Reached skill level 4 in Maces & Flails
  2697 | D:4      | Noticed Grinder
  2703 | D:4      | Paralysed by Grinder for 3 turns
  2724 | D:4      | Reached skill level 10 in Maces & Flails
  2724 | D:4      | Reached XP level 6. HP: 7/40 MP: 7/12
  2727 | D:4      | Banished Grinder
  2728 | D:4      | Reached XP level 7. HP: 9/44 MP: 3/13
  3244 | D:4      | Found a runed translucent door.
  3245 | D:4      | Noticed Crazy Yiuf
  3309 | D:4      | Noticed Duvessa
  3309 | D:4      | Noticed Dowan
  3324 | D:4      | Killed Duvessa
  3330 | D:4      | Killed Dowan
  3331 | D:4      | Reached XP level 8. HP: 31/49 MP: 14/14
  3699 | D:4      | Killed Crazy Yiuf
  3745 | D:5      | Entered Level 5 of the Dungeon
  4037 | D:5      | Reached skill level 11 in Maces & Flails
  4202 | D:5      | Identified the +2 leather armour of a Thousand Leylines
                  | {rPois Dex-4 SInv}
  4968 | D:6      | Found a staircase to the Ecumenical Temple.
  4989 | Temple   | Entered the Ecumenical Temple
  5068 | D:6      | Reached XP level 9. HP: 46/54 MP: 15/15
  5205 | D:6      | Found Uxampoacig's Assorted Antiques.
  5609 | D:6      | Found a hazy altar of Hepliaklqana.
  5706 | D:7      | Found a flagged portal.
  5730 | Bailey   | Entered a bailey
  5764 | Bailey   | Reached skill level 5 in Armour
  5876 | Bailey   | Reached skill level 1 in Dodging
  6720 | Bailey   | Found an iron altar of Okawaru.
  6720 | Bailey   | Noticed a kobold demonologist
  6720 | Bailey   | Noticed an orc sorcerer
  6721 | Bailey   | Noticed a red devil
  6729 | Bailey   | Noticed a hellwing
  6732 | Bailey   | HP: 4/81 [orc warrior/+0 broad axe (10)]
  6736 | Bailey   | Slain by an orc sorcerer

Illustrated notes

Levels and vault maps discovered:
D:1:      minmay_arrival_wavy_path, layout_loops_ring
D:2:      layout_basic, basic_altar, hellmonk_ecumenical_altar_run_dry,
          minmay_misc_feat_diagonals
D:3:      layout_loops_ring
D:4:      layout_basic, mainiacjoe_overflow_alcove_1, uniq_duvessa,
          uniq_grinder, uniq_crazy_yiuf_cottage
D:5:      layout_basic
D:6:      layout_loops_ring, nicolae_hepliaklqana_hippocampus,
          minmay_temple_entry_junction, serial_shops, shop
D:7:      layout_gridville, old_standard_altar, enter_bailey_5,
          dreamdust_princess_bridge, hangedman_glass_teeth, nrook_mini_vaults,
          minmay_misc_feat_four_crosses, uniq_prince_ribbit1
Temple:   minmay_temple_bridge_d
Bailey:   bailey_axe_of_yendor_kennysheep, bailey

Skill      XL: |  1  2  3  4  5  6  7  8  9 |
---------------+----------------------------+-----
Fighting       | 4 5 |  5.1
Maces & Flails | 3 10 11 | 11.5
Invocations    | 8 9 |  9.0
Armour         | 3 4 5 |  5.0
Dodging        | 1 |  1.9

Action                   |  1- 3 |  4- 6 |  7- 9 || total
-------------------------+-------+-------+-------++-------
Melee: Mace              |   106 |   105 |   347 ||   558
       Punch             |       |       |     3 ||     3
Throw: Dart              |       |       |     5 ||     5
Invok: Banish            |       |     1 |     1 ||     2
Evoke: Wand              |       |       |     7 ||     7
  Use: Scroll            |     2 |     4 |     1 ||     7
       Potion            |       |     1 |     8 ||     9
 Stab: Paralysed         |       |       |     9 ||     9
Armor: Leather armour    |    28 |       |       ||    28
       Chain mail        |    19 |    39 |       ||    58
       Ring mail         |       |    45 |   124 ||   169
       Skin              |       |       |    14 ||    14
Dodge: Dodged            |    77 |    69 |   129 ||   275
